 Dungeon Crawl Stone Soup version 0.19.0-24-gb05acd6 (webtiles) character file.

295 Remedyn the Skirmisher (level 6, -4/50 HPs)
             Began as a Formicid Fighter on Nov 21, 2016.
             Killed from afar by Pikel (26 damage)
             ... with a wand of acid
             ... on level 4 of the Dungeon.
             The game lasted 00:09:25 (3115 turns).

Remedyn the Skirmisher (Formicid Fighter)           Turns: 3115, Time: 00:09:26

Health: -4/50      AC:  7    Str: 22    XL:     6   Next: 61%
Magic:  0/6        EV:  8    Int:  8    God:
Gold:   149        SH: 10    Dex: 10    Spells: 0 memorised, 5 levels left

rFire  . . .     SeeInvis +     a - +0 war axe
rCold  . . .     Gourm    .     b - +0 scale mail
rNeg   . . .     Faith    .     c - +0 shield
rPois  +         Spirit   +     (helmet unavailable)
rElec  .         Reflect  .     (no cloak)
rCorr  .         Harm     .     (no gloves)
MR     .....                    (no boots)
Stlth  ..........               l - amulet of guardian spirit
                                (no ring)
                                m - ring of poison resistance

@: no status effects
A: permanent stasis, dig shafts and tunnels, four strong arms, antennae 3
a: Dig, Shaft Self


You were on level 4 of the Dungeon.
You were not hungry.

You visited 1 branch of the dungeon, and saw 4 of its levels.

You collected 149 gold pieces.

Inventory:

Hand Weapons
 a - a +0 war axe (weapon)
Armour
 b - a +0 scale mail (worn)
 c - a +0 shield (worn)
Jewellery
 l - an amulet of guardian spirit (around neck)
 m - a ring of poison resistance (left hand)
 w - an uncursed amulet of the gourmand
Scrolls
 i - a scroll of enchant armour
 k - 4 scrolls of teleportation
 r - a scroll of remove curse
 u - a scroll of amnesia {unknown}
 v - a scroll of immolation {unknown}
Potions
 d - a potion of might
 g - a potion of flight {unknown}
 j - a potion of degeneration
 n - a potion of cancellation {unknown}
 o - 2 potions of lignification {unknown}
 t - a potion of resistance {unknown}
Comestibles
 f - 4 bread rations
 h - 2 meat rations
 p - a royal jelly
 q - 2 beef jerkies
 s - a slice of pizza


   Skills:
 + Level 4.8 Fighting
 * Level 4.0 Axes
 + Level 4.4 Armour
 + Level 4.8 Shields


You had 5 spell levels left.
You didn't know any spells.

Dungeon Overview and Level Annotations

Branches:
Dungeon (4/15)
 Temple: D:4-7

Altars:
Ashenzari
Hepliaklqana
Okawaru
Qazlal
Ru
Uskayaw

Annotations:
D:4 Pikel


Innate Abilities, Weirdness & Mutations

You are under a permanent stasis effect.
You can dig through walls and to a lower floor.
Your four strong arms can wield two-handed weapons with a shield.
You have a pair of large antennae on your head. (SInv)


Message History

Your shield and scale mail prevent you from hitting the slave.
The slave is heavily wounded.
Your shield and scale mail prevent you from hitting Pikel.
You closely miss the slave. Pikel hits you with a whip of flaming.
Pikel burns you. The slave hits you. x2
You miss the slave.
The slave is heavily wounded.
You barely miss Pikel. You slash the slave!
Pikel hits you with a whip of flaming. Pikel burns you.
The slave hits you but does no damage. The slave hits you.
Pikel barely misses you. The slave hits you! The slave closely misses you.
You barely miss the slave.
The slave is heavily wounded.
You closely miss Pikel.
Your scale mail prevents you from hitting the slave.
Pikel hits you but does no damage. You block the slave's attack.
The slave barely misses you.
Pikel zaps a wand.
The bolt of acid hits you!
Ouch! That really hurt!
You die...

+............ #
#....#......
#.#....#....#
..##.#....#....#
......p........#
.....$ppp......# )#
..#..##K#.#....###.##.#
# #.#.##..##....#.#
#@#.##..##....#.##
#.......##..##........
#.###.#.##............
.................. ...<
.###.#.##............
...
.................)..#.
...
#.#.#.####.#.###..#.##
.. ..####.#.#.#
#............ ...
####.....#.#.#
#.............


You could see Pikel and 4 slaves.

Vanquished Creatures
  A scorpion (D:4)
  Jessica (D:2)
  A centaur skeleton (D:4)
  A worker ant (D:4)
  Robin (D:2)
  7 adders
  2 oozes
  An adder skeleton (D:4)
  4 worms
  4 leopard geckos (D:2)
  3 giant cockroaches
  6 hobgoblins
  5 jackals
  8 kobolds
  11 bats
  7 frilled lizards
  11 goblins
  6 rats
80 creatures vanquished.

Notes
Turn   | Place    | Note
-------+----------+-------------------------------------------
     0 | D:1      | Remedyn the Formicid Fighter began the quest for the Orb.
     0 | D:1      | Reached XP level 1. HP: 18/18 MP: 1/1
   160 | D:1      | Reached XP level 2. HP: 24/24 MP: 2/2
   748 | D:2      | Reached XP level 3. HP: 29/29 MP: 3/3
   762 | D:2      | Noticed Jessica
   770 | D:2      | Killed Jessica
   770 | D:2      | Reached XP level 4. HP: 16/37 MP: 2/4
  1236 | D:2      | Found a shattered altar of Ashenzari.
  1665 | D:2      | Reached XP level 5. HP: 42/42 MP: 5/5
  1756 | D:2      | Noticed Robin
  1771 | D:2      | Killed Robin
  1872 | D:2      | Found a hide-covered altar of Uskayaw.
  1879 | D:2      | Found a hazy altar of Hepliaklqana.
  1883 | D:2      | Found a stormy altar of Qazlal.
  2629 | D:3      | Found a sacrificial altar of Ru.
  2643 | D:3      | Found an iron altar of Okawaru.
  2953 | D:4      | Reached XP level 6. HP: 49/49 MP: 6/6
  3102 | D:4      | Noticed Pikel
  3102 | D:4      | Noticed a slave
  3103 | D:4      | Noticed a slave
  3103 | D:4      | Noticed a slave
  3104 | D:4      | Noticed a slave
  3115 | D:4      | Killed from afar by Pikel

Skill      XL: |  1  2  3  4  5  6 |
---------------+-------------------+-----
Fighting       | 4 |  4.8
Shields        | 4 |  4.8
Armour         | 4 |  4.4
Axes           | 3 4 |  4.0

Action                   |  1- 3 |  4- 6 || total
-------------------------+-------+-------++-------
Melee: War axe           |    54 |   194 ||   248
  Use: Scroll            |     4 |     3 ||     7
  Eat: Bread ration      |       |     2 ||     2
Armor: Scale mail        |    38 |    54 ||    92
Dodge: Dodged            |    20 |    86 ||   106
Block: Shield            |    39 |   126 ||   165
